cohdb
Replays
Latest Replays
All Replays
Popular Replays
Top Player Replays
Match Explorer
How It Works
Community
CoH3 Stats
Reddit
Sign in to upload your games and track your stats! →
Sign in with Steam
Match 45377077
Unlisted
Match 45377077
Overview
Messages
Build Orders
End
Engineer Squad
Construct Barracks
1⁄4-ton 4x4 Truck
Selects Advanced Infantry Battlegroup
Riflemen Squad
Riflemen Squad
Construct Medical Station
M1 Mortar Team
Infantry Support Center
.30 cal Machine Gun
Scout Squad
Brick_man
Mr Gizard The Lizard Wizard
LOLwhat2
MindfulRaptor
nispe
aotuman
0
0
Comments
sign in to comment!
No comments posted yet!